TOP OF THE 1ST |
Coos Bay-North Bend Blue Soxs batting - Pitching for Tri-City Dust Devils : RHP Guillermo Perez
|
Pitching: RHP Guillermo Perez
|
|
Batting: LHB Dwight Taylor
|
0-0: Called Strike 0-1: Ball 1-1: Fly out, F9 (Flyball, 9LM, EV 86.9 MPH)
|
Batting: RHB Gregory Chinn
|
0-0: Ball 1-0: Ball 2-0: Ball 3-0: Base on Balls
|
Batting: RHB Brian Stemberger
|
0-0: Ball 1-0: Called Strike 1-1: SINGLE (Groundball, 25, EV 66.3 MPH) (infield hit) Gregory Chinn to second
|
Batting: LHB Curt Reed
|
0-0: Called Strike 0-1: Called Strike 0-2: Ball 1-2: Foul Ball, location: 2F 1-2: Strikes out swinging
|
Batting: RHB Danny Quintana
|
0-0: Called Strike 0-1: Fielders Choice at 2nd, 5-4 (Groundball, 5, EV 95.6 MPH)
|
Top of the 1st over - 0 runs, 1 hit, 0 errors, 2 left on base; Coos Bay-North Bend 0 - Tri-City 0 |
BOTTOM OF THE 1ST |
Tri-City Dust Devils batting - Pitching for Coos Bay-North Bend Blue Soxs : RHP Carlos Garcia
|
Pitching: RHP Carlos Garcia
|
|
Batting: LHB LaVel Freeman
|
0-0: Ball 1-0: Foul Ball, location: 2F 1-1: Foul Ball, location: 2F 1-2: Fly out, F8 (Flyball, 78D, EV 82.5 MPH)
|
Batting: RHB J.B. Moore
|
0-0: Ball 1-0: Ball 2-0: Called Strike 2-1: Ball 3-1: Base on Balls
|
Batting: RHB Desmond Brooks
|
0-0: Ball 1-0: Ball 2-0: Foul Ball, location: 2F 2-1: Ball 3-1: Foul Ball, location: 2F 3-2: Ground out U3 (Groundball, 34, EV 88.8 MPH) J.B. Moore to second
|
Batting: LHB Rafael Codinach
|
0-0: Ball 1-0: Fly out, F2 (Popup, 25F, EV 82.5 MPH)
|
Bottom of the 1st over - 0 runs, 0 hits, 0 errors, 1 left on base; Coos Bay-North Bend 0 - Tri-City 0 |
TOP OF THE 2ND |
Coos Bay-North Bend Blue Soxs batting - Pitching for Tri-City Dust Devils : RHP Guillermo Perez
|
Batting: RHB James Wahlig
|
0-0: Foul Ball, location: 2F 0-1: Ball 1-1: Foul Ball, location: 2F 1-2: Ball 2-2: Ground out 6-3 (Groundball, 6M, EV 90.6 MPH)
|
Batting: LHB Ronald Cardieri
|
0-0: Called Strike 0-1: Fly out, F8 (Flyball, 8RM, EV 90.0 MPH)
|
Batting: RHB Carlos Salinas
|
0-0: DOUBLE (Line Drive, 9LS, EV 106.9 MPH)
|
Batting: RHB Henry Noble
|
0-0: Ball 1-0: Ball 2-0: Ball 3-0: Called Strike 3-1: Foul Ball, location: 2F 3-2: Ground out 6-3 (Groundball, 56, EV 105.6 MPH)
|
Top of the 2nd over - 0 runs, 1 hit, 0 errors, 1 left on base; Coos Bay-North Bend 0 - Tri-City 0 |
BOTTOM OF THE 2ND |
Tri-City Dust Devils batting - Pitching for Coos Bay-North Bend Blue Soxs : RHP Carlos Garcia
|
Batting: RHB Felipe Hernandez
|
0-0: Fly out, F4 (Popup, 4M, EV 69.4 MPH)
|
Batting: LHB George Priftis
|
0-0: Ball 1-0: Foul Ball, location: 2F 1-1: Ball 2-1: SINGLE (Groundball, 56D, EV 105.0 MPH)
|
Batting: LHB Daraka Shaheed
|
0-0: Ball 1-0: Ball 2-0: Foul Ball, location: 2F 2-1: Called Strike 2-2: Strikes out swinging
|
Batting: RHB Dennis Glynn
|
0-0: Ball 1-0: Called Strike 1-1: Swinging Strike 1-2: Ball Wild Pitch! George Priftis to second 2-2: Fly out, F8 (Flyball, 8RS, EV 90.6 MPH)
|
Bottom of the 2nd over - 0 runs, 1 hit, 0 errors, 1 left on base; Coos Bay-North Bend 0 - Tri-City 0 |
TOP OF THE 3RD |
Coos Bay-North Bend Blue Soxs batting - Pitching for Tri-City Dust Devils : RHP Guillermo Perez
|
Batting: LHB Dwight Taylor
|
0-0: Called Strike 0-1: Swinging Strike 0-2: Ball 1-2: Ground out 3-1 (Groundball, 34, EV 97.5 MPH)
|
Batting: RHB Gregory Chinn
|
0-0: Ball 1-0: Ball 2-0: Swinging Strike 2-1: Ball 3-1: Base on Balls
|
Batting: RHB Brian Stemberger
|
0-0: Swinging Strike 0-1: Ball 1-1: Ball 2-1: Ball 3-1: Called Strike 3-2: Strikes out swinging
|
Batting: LHB Curt Reed
|
0-0: Foul Ball, location: 2F 0-1: Ball 1-1: Ball 2-1: Ground out U3 (Groundball, 3, EV 86.3 MPH)
|
Top of the 3rd over - 0 runs, 0 hits, 0 errors, 1 left on base; Coos Bay-North Bend 0 - Tri-City 0 |
BOTTOM OF THE 3RD |
Tri-City Dust Devils batting - Pitching for Coos Bay-North Bend Blue Soxs : RHP Carlos Garcia
|
Batting: RHB Jeff DeWillis
|
0-0: Called Strike 0-1: Called Strike 0-2: Ball 1-2: Foul Ball, location: 2F 1-2: Ball 2-2: Ball 3-2: Strikes out swinging
|
Batting: LHB LaVel Freeman
|
0-0: Called Strike 0-1: Ball 1-1: Ball 2-1: Foul Ball, location: 2F 2-2: Ground out 6-3 (Groundball, 6M, EV 78.1 MPH)
|
Batting: RHB J.B. Moore
|
0-0: Ball 1-0: Ball 2-0: Called Strike 2-1: Ground out 5-3 (Groundball, 56S, EV 66.9 MPH)
|
Bottom of the 3rd over - 0 runs, 0 hits, 0 errors, 0 left on base; Coos Bay-North Bend 0 - Tri-City 0 |
TOP OF THE 4TH |
Coos Bay-North Bend Blue Soxs batting - Pitching for Tri-City Dust Devils : RHP Guillermo Perez
|
Batting: RHB Danny Quintana
|
0-0: Ball 1-0: Ball 2-0: Ball 3-0: Called Strike 3-1: Foul Ball, location: 2F 3-2: Fly out, F3 (Popup, 34S, EV 80.0 MPH)
|
Batting: RHB James Wahlig
|
0-0: Ball 1-0: Ground out 4-3 (Groundball, 4, EV 88.8 MPH)
|
Batting: LHB Ronald Cardieri
|
0-0: Called Strike 0-1: Ball 1-1: Fly out, F7 (Flyball, 78S, EV 78.8 MPH)
|
Top of the 4th over - 0 runs, 0 hits, 0 errors, 0 left on base; Coos Bay-North Bend 0 - Tri-City 0 |
BOTTOM OF THE 4TH |
Tri-City Dust Devils batting - Pitching for Coos Bay-North Bend Blue Soxs : RHP Carlos Garcia
|
Batting: RHB Desmond Brooks
|
0-0: Ball 1-0: Ball 2-0: Foul Ball, location: 2F 2-1: Swinging Strike 2-2: Ball 3-2: TRIPLE (Flyball, 89XD, EV 105.0 MPH)
|
Batting: LHB Rafael Codinach
|
0-0: Ground out 6-3 (Groundball, 6, EV 103.1 MPH) Desmond Brooks scores
|
Batting: RHB Felipe Hernandez
|
0-0: Called Strike 0-1: Swinging Strike 0-2: Foul Ball, location: 2F 0-2: Strikes out swinging
|
Batting: LHB George Priftis
|
0-0: Ball 1-0: Ball 2-0: Ball 3-0: Base on Balls
|
Batting: LHB Daraka Shaheed
|
0-0: Foul Ball, location: 2F 0-1: Ball 1-1: Ball 2-1: Fly out, F8 (Line Drive, 8RM, EV 91.3 MPH)
|
Bottom of the 4th over - 1 run, 1 hit, 0 errors, 1 left on base; Coos Bay-North Bend 0 - Tri-City 1 |
TOP OF THE 5TH |
Coos Bay-North Bend Blue Soxs batting - Pitching for Tri-City Dust Devils : RHP Guillermo Perez
|
Batting: RHB Carlos Salinas
|
0-0: SINGLE (Groundball, 6MD, EV 94.4 MPH)
|
Batting: RHB Henry Noble
|
0-0: Bunted foul 0-1: Bunt missed! 0-2: Ball 1-2: Fly out, F7 (Flyball, 7D, EV 85.0 MPH)
|
Batting: LHB Dwight Taylor
|
Balk! Carlos Salinas to second 0-0: Ball 1-0: Swinging Strike 1-1: Foul Ball, location: 2F 1-2: Ball 2-2: Fly out, F8 (Flyball, 78D, EV 89.4 MPH)
|
Batting: RHB Gregory Chinn
|
0-0: Ground out 5-3 (Groundball, 56, EV 101.9 MPH)
|
Top of the 5th over - 0 runs, 1 hit, 0 errors, 1 left on base; Coos Bay-North Bend 0 - Tri-City 1 |
BOTTOM OF THE 5TH |
Tri-City Dust Devils batting - Pitching for Coos Bay-North Bend Blue Soxs : RHP Carlos Garcia
|
Batting: RHB Dennis Glynn
|
0-0: Ball 1-0: Ball 2-0: Foul Ball, location: 2F 2-1: Swinging Strike 2-2: Ball 3-2: Ground out 5-3 (Groundball, 56, EV 102.5 MPH)
|
Batting: RHB Jeff DeWillis
|
0-0: Called Strike 0-1: Foul Ball, location: 2F 0-2: Ball 1-2: Ball 2-2: SINGLE (Line Drive, 8RS, EV 103.8 MPH)
|
Batting: LHB LaVel Freeman
|
0-0: Called Strike 0-1: Called Strike 0-2: Strikes out swinging
|
Batting: RHB J.B. Moore
|
0-0: Ball 1-0: Ball 2-0: Foul Ball, location: 2F 2-1: Swinging Strike 2-2: Ball 3-2: Foul Ball, location: 2F 3-2: Foul Ball, location: 2F 3-2: Foul Ball, location: 2F 3-2: Fly out, F8 (Line Drive, 8RD, EV 93.8 MPH)
|
Bottom of the 5th over - 0 runs, 1 hit, 0 errors, 1 left on base; Coos Bay-North Bend 0 - Tri-City 1 |
TOP OF THE 6TH |
Coos Bay-North Bend Blue Soxs batting - Pitching for Tri-City Dust Devils : RHP Guillermo Perez
|
Batting: RHB Brian Stemberger
|
0-0: Ball 1-0: Called Strike 1-1: Foul Ball, location: 2F 1-2: Ball 2-2: Foul Ball, location: 2F 2-2: SINGLE (Line Drive, 5D, EV 96.9 MPH)
|
Batting: LHB Curt Reed
|
0-0: Ball 1-0: Ball 2-0: Called Strike 2-1: Foul Ball, location: 2F 2-2: Ball 3-2: Foul Ball, location: 2F 3-2: Ground out U3 (Groundball, 13, EV 86.9 MPH) Brian Stemberger to second
|
Batting: RHB Danny Quintana
|
0-0: Ball 1-0: Ball 2-0: Called Strike 2-1: SINGLE (Line Drive, 4MD, EV 98.1 MPH) Brian Stemberger to third
|
Batting: RHB James Wahlig
|
0-0: Ball 1-0: Ball 2-0: Ball 3-0: Called Strike 3-1: Grounds into double play, 6-4-3 (Groundball, 6, EV 85.0 MPH)
|
Top of the 6th over - 0 runs, 2 hits, 0 errors, 1 left on base; Coos Bay-North Bend 0 - Tri-City 1 |
BOTTOM OF THE 6TH |
Tri-City Dust Devils batting - Pitching for Coos Bay-North Bend Blue Soxs : RHP Carlos Garcia
|
Batting: RHB Desmond Brooks
|
0-0: Swinging Strike 0-1: Called Strike 0-2: Foul Ball, location: 2F 0-2: Ball 1-2: Ball 2-2: Ball 3-2: Strikes out swinging
|
Batting: LHB Rafael Codinach
|
0-0: Called Strike 0-1: Ball 1-1: Swinging Strike 1-2: Ground out 5-3 (Groundball, 5S, EV 74.4 MPH)
|
Batting: RHB Felipe Hernandez
|
0-0: Ball 1-0: Ball 2-0: Swinging Strike 2-1: Ball 3-1: Ground out 4-3 (Groundball, 34, EV 101.3 MPH)
|
Bottom of the 6th over - 0 runs, 0 hits, 0 errors, 0 left on base; Coos Bay-North Bend 0 - Tri-City 1 |
TOP OF THE 7TH |
Coos Bay-North Bend Blue Soxs batting - Pitching for Tri-City Dust Devils : RHP Guillermo Perez
|
Batting: LHB Ronald Cardieri
|
0-0: Ball 1-0: Ball 2-0: Ball 3-0: Base on Balls
|
Batting: RHB Carlos Salinas
|
0-0: Sac Bunt to 15S - play at first, batter OUT! 1-4 Ronald Cardieri to second
|
Pinch Hitting: SHB Paul Sokolowski
|
0-0: Ball 1-0: SINGLE (Groundball, 23, EV 74.4 MPH) (infield hit) Ronald Cardieri to third
|
Batting: LHB Dwight Taylor
|
0-0: Called Strike 0-1: Fly out, F6 (Popup, 6, EV 71.9 MPH)
|
Batting: RHB Gregory Chinn
|
0-0: Foul Ball, location: 2F 0-1: Swinging Strike 0-2: Foul Ball, location: 2F 0-2: Strikes out looking
|
Top of the 7th over - 0 runs, 1 hit, 0 errors, 2 left on base; Coos Bay-North Bend 0 - Tri-City 1 |
BOTTOM OF THE 7TH |
Tri-City Dust Devils batting - Pitching for Coos Bay-North Bend Blue Soxs : RHP Carlos Garcia
|
Now at 1B: Paul Sokolowski
|
|
Batting: LHB George Priftis
|
0-0: Ball 1-0: Foul Ball, location: 2F 1-1: Ball 2-1: Ball 3-1: Ground out 5-3 (Groundball, 5, EV 86.3 MPH)
|
Batting: LHB Daraka Shaheed
|
0-0: Called Strike 0-1: Called Strike 0-2: Ball 1-2: SINGLE (Groundball, 6MS, EV 70.0 MPH) (infield hit)
|
Batting: RHB Dennis Glynn
|
0-0: Ball 1-0: Ball 2-0: Called Strike 2-1: Ball 3-1: Base on Balls Daraka Shaheed to second
|
Batting: RHB Jeff DeWillis
|
0-0: Ball 1-0: Called Strike 1-1: Called Strike 1-2: Ball 2-2: Ball 3-2: Fly out, F5 (Line Drive, 5, EV 72.5 MPH)
|
Batting: LHB LaVel Freeman
|
0-0: Ball 1-0: Foul Ball, location: 2F 1-1: Ball 2-1: SINGLE (Line Drive, 56, EV 98.8 MPH) Daraka Shaheed to third Dennis Glynn to second Runner from 3rd tries for Home, SAFE, throw by LF to home
|
Batting: RHB J.B. Moore
|
0-0: Ball 1-0: Fly out, F8 (Flyball, 89M, EV 85.6 MPH)
|
Bottom of the 7th over - 1 run, 2 hits, 0 errors, 2 left on base; Coos Bay-North Bend 0 - Tri-City 2 |
TOP OF THE 8TH |
Coos Bay-North Bend Blue Soxs batting - Pitching for Tri-City Dust Devils : RHP Guillermo Perez
|
Batting: RHB Brian Stemberger
|
0-0: Fly out, F8 (Line Drive, 8RD, EV 97.5 MPH)
|
Batting: LHB Curt Reed
|
0-0: Called Strike 0-1: Ball 1-1: Ball 2-1: Foul Ball, location: 2F 2-2: SINGLE (Groundball, 34D, EV 101.3 MPH)
|
Batting: RHB Danny Quintana
|
0-0: Called Strike 0-1: Foul Ball, location: 2F 0-2: Ball 1-2: SINGLE (Line Drive, 7LS, EV 87.5 MPH) Curt Reed to second
|
Batting: RHB James Wahlig
|
0-0: Foul Ball, location: 2F 0-1: Called Strike 0-2: Ball 1-2: Foul Ball, location: 2F 1-2: Ball 2-2: Ball 3-2: Fly out, F8 (Line Drive, 8RD, EV 83.1 MPH)
|
Batting: LHB Ronald Cardieri
|
0-0: Called Strike 0-1: Fly out, F6 (Flyball, 6D, EV 82.5 MPH)
|
Top of the 8th over - 0 runs, 2 hits, 0 errors, 2 left on base; Coos Bay-North Bend 0 - Tri-City 2 |
BOTTOM OF THE 8TH |
Tri-City Dust Devils batting - Pitching for Coos Bay-North Bend Blue Soxs : RHP Carlos Garcia
|
Batting: RHB Desmond Brooks
|
0-0: Foul Ball, location: 2F 0-1: Ball 1-1: Foul Ball, location: 2F 1-2: Ball 2-2: SINGLE (Groundball, 34D, EV 96.9 MPH)
|
Batting: LHB Rafael Codinach
|
0-0: Ball Passed Ball! Desmond Brooks to second 1-0: Intentional Walk
|
Batting: RHB Felipe Hernandez
|
0-0: Ball 1-0: Called Strike 1-1: Ball 2-1: Foul Ball, location: 2F 2-2: Foul Ball, location: 2F 2-2: Grounds into double play, 6-4-3 (Groundball, 6, EV 105.0 MPH) Desmond Brooks to third
|
Batting: LHB George Priftis
|
0-0: Called Strike 0-1: Ball 1-1: Foul Ball, location: 2F 1-2: SINGLE (Flyball, 6D, EV 92.5 MPH) Desmond Brooks scores
|
Batting: LHB Daraka Shaheed
|
0-0: Ball 1-0: Ball 2-0: Foul Ball, location: 2F 2-1: Called Strike 2-2: Foul Ball, location: 2F 2-2: Ball 3-2: Ground out U3 (Groundball, 3, EV 82.5 MPH)
|
Bottom of the 8th over - 1 run, 2 hits, 0 errors, 1 left on base; Coos Bay-North Bend 0 - Tri-City 3 |
TOP OF THE 9TH |
Coos Bay-North Bend Blue Soxs batting - Pitching for Tri-City Dust Devils : RHP Guillermo Perez
|
Batting: RHB Carlos Salinas
|
0-0: Ball 1-0: Swinging Strike 1-1: Ground out 6-3 (Groundball, 6, EV 108.1 MPH)
|
Batting: SHB Paul Sokolowski
|
0-0: Called Strike 0-1: Ball 1-1: Ball 2-1: SINGLE (Line Drive, 6D, EV 95.0 MPH)
|
Batting: LHB Dwight Taylor
|
0-0: Ball 1-0: Swinging Strike 1-1: Called Strike 1-2: Ball 2-2: Foul Ball, location: 2F 2-2: Fly out, F6 (Popup, 6M, EV 78.1 MPH)
|
Batting: RHB Gregory Chinn
|
0-0: Called Strike 0-1: Fly out, F9 (Flyball, 9LM, EV 83.8 MPH)
|
Top of the 9th over - 0 runs, 1 hit, 0 errors, 1 left on base; Coos Bay-North Bend 0 - Tri-City 3 |
|